 Dungeon Crawl Stone Soup version 0.26-a0-1079-g3a4175ecf3 (webtiles) character file.

Game seed: 2771714592659763586

158432 KristoblXynda the Nimble (level 17, -9/145 HPs)
             Began as a Yellow Draconian Gladiator on Dec 14, 2020.
             Was the Champion of Ashenzari.
             Mangled by a spriggan rider
             ... wielding a +0 spear
              (14 damage)
             ... on level 2 of the Swamp.
             The game lasted 01:15:19 (32489 turns).

KristoblXynda the Nimble (DrGl)                    Turns: 32489, Time: 01:15:19

Health: -9/145     AC: 17    Str: 16    XL:     17   Next: 14%
Magic:  0/17       EV: 28    Int: 16    God:    Ashenzari [******]
Gold:   1180       SH:  6    Dex: 16    Spells: 7/16 levels left

rFire    . . .     SeeInvis +   n - +3 scimitar (flame) (curse)
rCold    + . .     Faith    .   P - +0 buckler (curse)
rNeg     . . .     Spirit   +   (armour unavailable)
rPois    +         Reflect  .   b - +1 hat
rElec    .         Harm     .   M - +0 cloak of the Hunter {rC+ Regen+} (curse)
rCorr    +         Rampage  +   F - +2 pair of gloves {Dex+3} (curse)
Will     +....     Clarity  +   O - +2 pair of boots {rampage} (curse)
Stlth    ++++......             q - amulet of guardian spirit
HPRegen  0.74/turn              I - ring of poison resistance (curse)
MPRegen  0.15/turn              x - +4 ring of evasion (curse)

@: no status effects
A: spit acid, unfitting armour, acidic bite, cold-blooded, acid resistance, AC
+9
a: Breathe Acid, Curse Item, Scrying, Transfer Knowledge, Renounce Religion


You were on level 2 of the Swamp.
You worshipped Ashenzari.
Ashenzari was exalted by your worship.
You visited 5 branches of the dungeon, and saw 26 of its levels.
You also visited: Bailey and Volcano.

You collected 2553 gold pieces.
You spent 1373 gold pieces at shops.

Inventory:

Hand Weapons
 n - a cursed +3 scimitar of flaming (weapon)
Missiles
 c - 5 throwing nets (quivered)
Armour
 b - a +1 hat (worn)
 F - a cursed +2 pair of gloves of dexterity (worn)
 M - the cursed +0 cloak of the Hunter (worn) {rC+ Regen+}
   (You bought it in a shop on level 13 of the Dungeon)

   It protects you from cold.
   It increases your rate of regeneration.
   It has a curse placed upon it.
 O - a cursed +2 pair of boots of rampaging (worn)
 P - a cursed +0 buckler (worn)
Jewellery
 q - an amulet of guardian spirit (around neck)
 x - a cursed +4 ring of evasion (right hand)
 I - a cursed ring of poison resistance (left hand)
Wands
 j - a wand of iceblast (25)
 t - a wand of disintegration (30)
 z - a wand of acid (8)
 C - a wand of digging (6)
 W - a wand of paralysis (7)
Scrolls
 e - a scroll of magic mapping
 g - a scroll of blinking
 s - 3 scrolls of enchant armour
 u - 8 scrolls of teleportation
 v - a scroll of silence
 w - 5 scrolls of remove curse
 J - 6 scrolls of identify
 L - 3 scrolls of fog
 Q - 2 scrolls of holy word
 S - a scroll of immolation
 U - 2 scrolls of amnesia
Potions
 a - 2 potions of resistance
 d - 10 potions of curing
 f - 6 potions of ambrosia
 h - 3 potions of attraction
 i - 6 potions of brilliance
 k - a potion of mutation
 m - 7 potions of invisibility
 o - 3 potions of flight
 r - 6 potions of cancellation
 B - 6 potions of magic
 D - 3 potions of haste
 E - 6 potions of lignification
 K - 5 potions of heal wounds
Miscellaneous
 p - a tin of tremorstones (2/2)
 H - a phial of floods
 N - a condenser vane


   Skills:
 + Level 11.6 Fighting
 - Level 13.1(17.2) Long Blades
 - Level 2.0 Throwing
 + Level 13.4(16.0) Dodging
 - Level 6.6(9.7) Stealth
 - Level 5.2(8.2) Shields
 + Level 6.0(9.1) Hexes
 + Level 12.5(15.1) Transmutations
 - Level 4.8(7.7) Air Magic
 + Level 6.1(9.2) Earth Magic
 - Level 10.1(12.9) Evocations


You had 7 spell levels left.
You knew the following spells:

 Your Spells              Type           Power        Failure   Level
a - Statue Form           Tmut/Erth      #####....    26%         6
b - Tukima's Dance        Hex            ####....     1%          3

Your spell library contained the following spells:

 Spells                   Type           Power        Failure   Level
 Beastly Appendage        Tmut           #####.       1%          1
 Corona                   Hex            ####...      1%          1
 Sting                    Tmut/Pois      ###.         1%          1
 Slow                     Hex            ####....     1%          2
 Wereblood                Tmut           #####...     1%          2
 Confusing Touch          Hex            ####....     1%          3
 Blade Hands              Tmut           #####.....   1%          5
 Spider Form              Tmut/Pois      ###.......   3%          3
 Shock                    Conj/Air       ##..         4%          1
 Yara's Violent Unravell  Hex/Tmut       #####.....   4%          5
 Ensorcelled Hibernation  Hex/Ice        ###...       5%          2
 Cause Fear               Hex            ####......   6%          4
 Leda's Liquefaction      Hex/Erth       ####......   6%          4
 Poisonous Vapours        Pois/Air       ##....       7%          2
 Ignite Poison            Fire/Tmut/Pois ###.....     9%          3
 Dazzling Flash           Conj/Hex       ###...       11%         3
 Inner Flame              Hex/Fire       ###.....     11%         3
 Portal Projectile        Hex/Tloc       ###...       11%         3
 Summon Guardian Golem    Hex/Summ       ###.....     11%         3
 Ice Form                 Ice/Tmut       ###.....     11%         4
 Static Discharge         Conj/Air       ##......     14%         3
 Animate Skeleton         Necr           #.....       22%         1
 Apportation              Tloc           #.....       22%         1
 Foxfire                  Conj/Fire      #...         22%         1
 Pain                     Necr           #...         22%         1
 Summon Small Mammal      Summ           #...         22%         1
 Mephitic Cloud           Conj/Pois/Air  #.......     24%         3
 Call Imp                 Summ           #.......     32%         2
 Dragon Form              Tmut           #####.....   38%         7
 Summon Lightning Spire   Summ/Air       ##......     43%         4
 Call Canine Familiar     Summ           #.......     54%         3
 Vampiric Draining        Necr           #.........   54%         3
 Animate Dead             Necr           #.........   91%         4
 Dispel Undead            Necr           #.......     91%         4
 Olgreb's Toxic Radiance  Pois           #.......     91%         4
 Summon Ice Beast         Ice/Summ       #.......     91%         4
 Agony                    Necr           #.......     99%         5
 Simulacrum               Ice/Necr       #.........   100%        6
 Dragon's Call            Summ           #.........   100%        9


Dungeon Overview and Level Annotations

Branches:
Dungeon (15/15)            Temple (1/1) D:5            Lair (6/6) D:8
  Swamp (2/4) Lair:2        Snake (0/4) Lair:4        Slime (0/5) Lair:6
    Orc (2/2) D:12            Elf (0/3) Orc:2        Vaults (0/5) D:14
 Bailey (visited)         Volcano (visited)
 Depths: D:15

Altars:
Ashenzari
Cheibriados
Dithmenos
Elyvilon
Fedhas
Gozag
Hepliaklqana
Kikubaaqudgha
Makhleb
Nemelex Xobeh
Okawaru
Qazlal
Ru
Sif Muna
Trog
Uskayaw
Vehumet
Wu Jian
Xom
Yredelemnul
Zin
The Shining One

Shops:
D:11 :   D:13 (**[(   Orc:1 =   Orc:2 (?}!::

Annotations:
Swamp:1 1 runed translucent door, PanSaczeczos's ghost, adept DsBe


Innate Abilities, Weirdness & Mutations

You can spit globs of acid.
Your golden yellow scales are hard. (AC +9)
You cannot fit into any form of body armour.
You have acidic saliva.
You are cold-blooded and may be slowed by cold attacks.
You are resistant to acid. (rCorr)


Message History

Found a stone and a +0 falchion.
Your surroundings seem slightly different.
The spriggan rider throws a stone.
You block the stone.
You see here a stone.
Unknown command.
You enter the shallow water.
Moving in this stuff is going to be slow.
The bunyip howls a warning cry!
The spriggan druid casts a spell.
The spriggan druid is healed somewhat.
You hear a shout!
The spriggan rider hits you from afar with a +0 spear.
* * * LOW HITPOINT WARNING * * *
The alligator puts on a burst of speed!
You rampage towards the tyrant leech!
The bunyip claws you but does no damage.
The bunyip claws you!!
* * * LOW HITPOINT WARNING * * *
The bunyip misses you. The goliath frog closely misses you.
The spriggan rider hits you from afar with a +0 spear!
You die...

≈ , ,,, ,, ≈ ,, ≈*
*≈≈≈≈≈§≈≈ §≈.≈≈≈<≈≈,
* *..≈≈≈≈.♣ ≈
≈≈..... ,≈≈
*...≈≈≈≈♣* ≈≈..§.. ,
* ♣..≈≈≈♣♣ ....≈≈♣*
, *
≈≈..≈≈≈.♣♣♣...♣..♣ *
, , ≈≈
≈.)..≈F♣≈(.≈≈..≈. *
≈≈.. ,≈≈
≈♣♣..≈...≈...≈.
,....
≈♣....@.w.≈..♣♣ >,,
♣≈. * ≈
.♣(≈Dx≈....≈.≈♣ *
♣≈.
♣.≈≈≈.≈...i≈≈≈≈.§♣§♣
♣..
♣♣...♣♣♣.i≈w.≈≈.♣♣ *
≈, *≈≈
♣♣♣*♣♣≈≈wt♣i..♣♣ * *
* ♣≈.≈≈≈D.≈≈.♣ ,
**....)≈≈..≈≈≈♣ *≈
≈,* ♣ *
.≈§.....(...♣ *≈.♣♣
♣ ≈,..≈♣....).♣♣
♣≈..≈♣.


You could see a bunyip (catching breath), an alligator (swift), a seven-headed
hydra, 2 tyrant leeches, a spriggan rider, a spriggan druid, a goliath frog, a
swamp worm and a spriggan.

Vanquished Creatures
  Rupert (D:13)
  An orc warlord (Bailey)
  The ghost of Sickboy the Protected, a journeyman MiFi of Okawaru (Orc:1)
  An ironheart preserver (D:14)
  Nessos (Orc:2)
  Snorg (D:12)
  Erolcha (D:10)
  Josephine (D:11)
  A rakshasa (D:14)
  13 hydras
  Erica (D:12)
  4 catoblepae
  A centaur warrior (D:13)
  An ogre mage (D:13)
  8 two-headed ogres
  An alligator (Swamp:1)
  5 death yaks (Lair:5)
  A hell knight (Volcano)
  A sun demon (Volcano)
  3 unseen horrors (D:12)
  A goliath frog (Swamp:1)
  A deep troll (Orc:2)
  A spriggan druid (Swamp:2)
  The ghost of rlgrobin the Covert, a novice KoDe of Wu Jian (D:8)
  4 lindwurms (Lair:5)
  2 bog bodies
  10 orc knights
  Pikel (D:4)
  An obsidian statue (Volcano)
  2 deep elf magi
  6 orc sorcerers
  11 ugly things
  3 cyclopes
  Maurice (D:12)
  9 elephants
  2 gargoyles (D:14)
  9 cane toads
  9 black mambas
  Psyche (D:10)
  4 rime drakes
  15 komodo dragons
  A yaktaur (D:15)
  3 trolls
  A red devil (Volcano)
  6 polar bears
  4 tyrant leeches
  8 hornets
  3 slime creatures
  17 blink frogs
  16 spriggans
  A spriggan (shapeshifter) (D:14)
  Sigmund (D:6)
  A shadow (D:14)
  4 basilisks
  6 wraiths
  48 yaks
  5 wyverns
  5 fire bats (Volcano)
  2 steam dragons
  A fire elemental (Lair:2)
  4 vampire mosquitoes (D:14)
  9 swamp worms
  A soldier ant (D:11)
  7 wargs
  Menkaure (D:6)
  2 acid dragons
  29 water moccasins
  7 sky beasts
  7 ice beasts
  4 black bears
  39 orc warriors
  A swamp drake (Swamp:1)
  A phantom (D:5)
  3 boggarts (Lair:6)
  17 centaurs
  11 ogres
  21 wolves
  Blork the orc (D:4)
  15 bullfrogs
  2 big kobolds (D:7)
  4 scorpions
  A water moccasin zombie (D:7)
  5 howler monkeys
  16 wights
  2 centaur zombies
  6 lava snakes
  2 bullfrog zombies
  9 hounds
  A quasit (D:5)
  21 orc priests
  A jelly (D:14)
  Ijyb (D:4)
  3 iguanas
  25 orc wizards
  6 hell rats (Lair:5)
  16 worker ants
  A hound zombie (D:8)
  A worker ant zombie (D:9)
  13 gnolls
  A howler monkey skeleton (D:5)
  15 adders
  3 shadow imps
  2 white imps
  An ufetubus (D:8)
  4 oozes
  4 adder zombies
  An adder skeleton (D:9)
  3 dart slugs
  7 leopard geckos
  114 orcs
  2 ball pythons
  A bat zombie (D:8)
  3 giant cockroaches
  10 goblins
  16 hobgoblins
  12 jackals
  28 kobolds
  3 quokkas
  5 bats
  3 frilled lizards
  A leopard gecko skeleton (D:4)
  A leopard gecko zombie (D:6)
  7 rats
  4 rat zombies (D:8)
842 creatures vanquished.

Vanquished Creatures (collateral kills)
  5 orc knights
  An orc warrior (Orc:2)
  3 orcs (Orc:2)
9 creatures vanquished.

Vanquished Creatures (others)
  A bloated husk (Swamp:2)
  8 dancing weapons (Orc:2)
  An orc warrior (Orc:2)
  An orc wizard (Orc:1)
  54 fungi
  75 plants
140 creatures vanquished.

Grand Total: 991 creatures vanquished

Notes
Turn   | Place    | Note
-------+----------+-------------------------------------------
     0 | D:1      | KristoblXynda the Draconian Gladiator began the quest for
                  | the Orb.
     0 | D:1      | Reached XP level 1. HP: 17/17 MP: 1/1
   329 | D:1      | Reached XP level 2. HP: 22/25 MP: 2/2
  1195 | D:2      | Found a hide-covered altar of Uskayaw.
  1684 | D:2      | Found a snail-covered altar of Cheibriados.
  1687 | D:2      | Found a glowing golden altar of the Shining One.
  1757 | D:3      | Reached XP level 3. HP: 30/30 MP: 3/3
  1883 | D:3      | Found a shimmering altar of Xom.
  2033 | D:3      | Noticed a centaur
  2049 | D:3      | Killed a centaur
  2050 | D:3      | Reached XP level 4. HP: 26/38 MP: 2/4
  2451 | D:3      | Found a shadowy altar of Dithmenos.
  2451 | D:3      | Noticed a bullfrog
  2461 | D:3      | Killed a bullfrog
  2462 | D:3      | Reached XP level 5. HP: 45/45 MP: 5/5
  2841 | D:4      | Reached skill level 5 in Long Blades
  2841 | D:4      | Reached XP level 6. HP: 48/52 MP: 3/6
  2950 | D:4      | Noticed Pikel
  2960 | D:4      | Killed Pikel
  2961 | D:4      | Reached skill level 5 in Fighting
  2961 | D:4      | Your scales start taking on a golden yellow colour.
  2961 | D:4      | Reached XP level 7. HP: 61/61 MP: 7/7
  2961 | D:4      | Gained mutation: You are resistant to acid. (rCorr) [Yellow
                  | Draconian growth]
  3144 | D:4      | Noticed Ijyb
  3157 | D:4      | Killed Ijyb
  3426 | D:4      | Found a hazy altar of Hepliaklqana.
  3629 | D:4      | Reached XP level 8. HP: 69/69 MP: 8/8
  3672 | D:4      | Reached skill level 5 in Dodging
  3706 | D:4      | Noticed Blork the orc
  3718 | D:4      | Killed Blork the orc
  4200 | D:5      | Entered Level 5 of the Dungeon
  5187 | D:5      | Found a staircase to the Ecumenical Temple.
  5365 | Temple   | Entered the Ecumenical Temple
  5433 | Temple   | Became a worshipper of Ashenzari the Shackled
  6130 | D:6      | Noticed Sigmund
  6231 | D:6      | Got the dagger "Xetuk" {holy, rF+}
  6240 | D:6      | Identified the +10 dagger "Xetuk" {holy, rF+} (You found it
                  | on level 6 of the Dungeon)
  6253 | D:6      | Killed Sigmund
  6254 | D:6      | Reached XP level 9. HP: 73/78 MP: 9/9
  6322 | D:6      | Noticed Menkaure
  6357 | D:6      | Killed Menkaure
  7083 | D:6      | Found a sparkling altar of Nemelex Xobeh.
  7083 | D:6      | Found a transporter.
  7083 | D:6      | Noticed an ogre mage
  7458 | D:7      | Reached skill level 10 in Long Blades
  7702 | D:7      | Found a stormy altar of Qazlal.
  7753 | D:7      | Found a sacrificial altar of Ru.
  7911 | D:8      | Found a runed translucent gate.
  7911 | D:8      | Found a runed translucent gate.
  7911 | D:8      | Found a runed translucent gate.
  7911 | D:8      | Noticed rlgrobin's ghost (novice KoDe)
  7938 | D:8      | Reached * piety under Ashenzari
  7938 | D:8      | Found a staircase to the Lair.
  8050 | D:8      | Found an ancient bone altar of Kikubaaqudgha.
  8199 | D:8      | Reached skill level 1 in Evocations
  8408 | D:8      | Found a broken altar of Ashenzari.
  8573 | D:8      | Found a white marble altar of Elyvilon.
  8716 | D:9      | Paralysed by a hornet for 2 turns
  8724 | D:9      | Reached XP level 10. HP: 66/88 MP: 10/10
  9299 | D:9      | Noticed a two-headed ogre
  9300 | D:9      | Found an iron altar of Okawaru.
  9319 | D:9      | Killed a two-headed ogre
  9502 | D:9      | Identified Sif Muna's Almanac of Flight and Transmutation
 10006 | D:10     | Entered Level 10 of the Dungeon
 10032 | D:10     | Noticed Erolcha
 10057 | D:10     | Paralysed by Erolcha for 3 turns
 10065 | D:10     | Killed Erolcha
 10544 | D:10     | Noticed Psyche
 10558 | D:10     | Killed Psyche
 10623 | D:10     | Reached XP level 11. HP: 26/97 MP: 5/11
 10925 | D:10     | Found a hide-covered altar of Uskayaw.
 11116 | D:10     | Noticed a two-headed ogre
 11128 | D:10     | Killed a two-headed ogre
 11289 | D:10     | Reached skill level 5 in Evocations
 11359 | D:10     | Reached ** piety under Ashenzari
 11748 | D:11     | Found Tedet's Book Shoppe.
 12027 | D:11     | Noticed a red ugly thing
 12043 | D:11     | Killed a red ugly thing
 12044 | D:11     | Reached skill level 10 in Fighting
 12206 | D:11     | Noticed Josephine
 12239 | D:11     | Killed Josephine
 12240 | D:11     | Reached skill level 1 in Transmutations
 12444 | D:11     | Noticed a two-headed ogre
 12453 | D:11     | Killed a two-headed ogre
 12625 | D:11     | Noticed a white ugly thing
 12647 | D:11     | Killed a white ugly thing
 13169 | D:12     | Found a staircase to the Orcish Mines.
 13195 | D:12     | Noticed a red ugly thing
 13195 | D:12     | Noticed a red ugly thing
 13218 | D:12     | Killed a red ugly thing
 13235 | D:12     | Killed a red ugly thing
 13265 | D:12     | Killed an unseen horror
 13286 | D:12     | Reached XP level 12. HP: 55/106 MP: 8/12
 13507 | D:12     | Noticed a four-headed hydra
 13529 | D:12     | Killed a four-headed hydra
 14319 | D:12     | Reached skill level 10 in Dodging
 14319 | D:12     | Reached skill level 5 in Transmutations
 14927 | D:13     | Found Uryfa's Assorted Antiques.
 14933 | D:13     | Noticed a two-headed ogre
 14963 | D:13     | Killed a two-headed ogre
 15138 | D:13     | Found Kukodgh's General Store.
 15142 | D:13     | Bought a wand of acid (12) for 352 gold pieces
 15146 | D:13     | Found Guguon's Antique Weapon Shop.
 15150 | D:13     | Noticed an ogre mage
 15150 | D:13     | Noticed a two-headed ogre
 15150 | D:13     | Noticed a two-headed ogre
 15435 | D:13     | Learned a level 2 spell: Poisonous Vapours
 15441 | D:13     | Bought a scroll of magic mapping for 87 gold pieces
 15441 | D:13     | Bought a scroll of magic mapping for 87 gold pieces
 15502 | D:13     | Noticed a two-headed ogre
 15514 | D:13     | Killed a two-headed ogre
 15532 | D:13     | Killed an ogre mage
 15548 | D:13     | Killed a two-headed ogre
 15557 | D:13     | Killed a two-headed ogre
 16020 | D:13     | Noticed Rupert
 16072 | D:13     | Found Beylufro's Antique Weapon Emporium.
 16101 | D:14     | Reached *** piety under Ashenzari
 16271 | D:14     | Found a flagged portal.
 16280 | Bailey   | Entered a bailey
 16299 | Bailey   | Noticed an orc warlord
 16444 | Bailey   | Found a runed translucent gate.
 16463 | Bailey   | Found a runed translucent gate.
 16464 | Bailey   | Found a runed translucent gate.
 16616 | Bailey   | Killed an orc warlord
 16617 | Bailey   | Reached XP level 13. HP: 87/113 MP: 10/13
 16675 | Bailey   | Reached skill level 10 in Evocations
 16675 | Bailey   | Gained mutation: You have acidic saliva. [Yellow Draconian
                  | growth]
 16675 | Bailey   | Reached XP level 14. HP: 111/121 MP: 14/14
 16676 | Bailey   | Reached XP level 15. HP: 116/126 MP: 15/15
 16813 | D:14     | Found a glowing silver altar of Zin.
 17107 | D:14     | Found a gate to the Vaults.
 17133 | D:14     | Reached skill level 5 in Stealth
 17658 | D:15     | Entered Level 15 of the Dungeon
 18990 | D:13     | Found Suhige's Antique Armour Boutique.
 18997 | D:13     | Paralysed by Rupert for 2 turns
 18998 | D:13     | Killed Rupert
 19053 | D:13     | Bought a pair of embroidered gloves for 292 gold pieces
 19053 | D:13     | Bought a slimy cloak for 370 gold pieces
 19059 | D:13     | Identified the cursed +0 cloak of the Hunter {rC+ Regen+}
                  | (You bought it in a shop on level 13 of the Dungeon)
 19173 | D:13     | Reached **** piety under Ashenzari
 19526 | Lair:1   | Entered Level 1 of the Lair of Beasts
 20221 | Lair:1   | Reached skill level 10 in Transmutations
 20238 | Lair:1   | Learned a level 3 spell: Tukima's Dance
 20925 | Lair:2   | Reached ***** piety under Ashenzari
 20975 | Lair:2   | Reached skill level 1 in Earth Magic
 20978 | Lair:2   | Reached skill level 1 in Hexes
 21285 | Lair:2   | Reached skill level 1 in Shields
 21465 | Lair:2   | Found a staircase to the Swamp.
 23748 | Lair:4   | Found a staircase to the Snake Pit.
 24058 | Lair:5   | Found a dark tunnel.
 24092 | Volcano  | Entered a volcano
 24363 | Volcano  | Reached XP level 16. HP: 128/134 MP: 10/16
 24382 | Volcano  | Found a radiant altar of Vehumet.
 25306 | Lair:5   | Reached skill level 5 in Shields
 25677 | Lair:5   | Reached skill level 5 in Hexes
 25724 | Lair:6   | Entered Level 6 of the Lair of Beasts
 25887 | Lair:6   | Reached ****** piety under Ashenzari
 26226 | Lair:6   | Learned a level 6 spell: Statue Form
 26353 | Lair:6   | Found a staircase to the Slime Pits.
 27842 | Orc:1    | Entered Level 1 of the Orcish Mines
 27843 | Orc:1    | Noticed Maurice
 27927 | Orc:1    | Noticed Snorg
 28023 | D:12     | Killed Snorg
 28111 | Orc:1    | Noticed Erica
 28127 | D:12     | Killed Maurice
 28159 | D:12     | Killed Erica
 28589 | Orc:1    | Found Ira Joar's Jewellery Emporium.
 28598 | Orc:1    | Bought a cursed amulet of inaccuracy for 34 gold pieces
 28598 | Orc:1    | Bought a cursed ring of teleportation for 76 gold pieces
 28658 | Orc:1    | Found a runed translucent door.
 28658 | Orc:1    | Noticed Sickboy's ghost (journeyman MiFi)
 28662 | Orc:1    | Killed Sickboy's ghost
 28663 | Orc:1    | Identified Sif Muna's Reference Book on Glamour and Unholy
                  | Secrets
 28796 | Orc:2    | Entered Level 2 of the Orcish Mines
 28803 | Orc:2    | Noticed Nessos
 28958 | Orc:2    | Killed Nessos
 28959 | Orc:2    | Reached skill level 5 in Earth Magic
 29161 | Orc:2    | Paralysed by an orc sorcerer for 5 turns
 29519 | Orc:2    | Found Nerijutu's Book Emporium.
 29635 | Orc:2    | Found a staircase to the Elven Halls.
 30654 | Orc:2    | Reached XP level 17. HP: 144/144 MP: 12/17
 30866 | Orc:2    | Found Linaroem's Book Boutique.
 31333 | Orc:2    | Found Xaruriowk's Gadget Emporium.
 31333 | Orc:2    | Found Okukitz's Magic Scroll Boutique.
 31335 | Orc:2    | Found Watteew's Weapon Shop.
 31337 | Orc:2    | Found Pubeps's Distillery.
 31343 | Orc:2    | Bought a potion of heal wounds for 75 gold pieces
 31642 | D:8      | Killed rlgrobin's ghost
 31759 | Swamp:1  | Entered Level 1 of the Swamp
 31940 | Swamp:1  | Found a runed translucent door.
 31940 | Swamp:1  | Found a shimmering altar of Xom.
 31940 | Swamp:1  | Noticed PanSaczeczos's ghost (adept DsBe)
 32489 | Swamp:2  | HP: 5/145 [bunyip[a spriggan druid] (28)]
 32489 | Swamp:2  | Mangled by a spriggan rider

Illustrated notes

Levels and vault maps discovered:
D:1:      lightli_molten_gateway, layout_loops_ring
D:2:      layout_loops_ring, general_overflow_altar,
          nicolae_overflow_hidden_temple
D:3:      layout_basic, nicolae_dithmenos_through_a_glass_darkly,
          lemuel_crystal_altar, serial_rivers, chequers_serial_rivers_micro_a,
          chequers_serial_rivers_room_b, chequers_serial_rivers_micro_e,
          chequers_serial_rivers_micro_b, kennysheep_crisscross
D:4:      corexii_shantytown, layout_basic, kennysheep_mini_moat, uniq_ijyb,
          uniq_blork_the_orc, uniq_pikel
D:5:      layout_layer_cave, minmay_temple_entry_crystal_x, minmay_bent
D:6:      layout_rooms, hangedman_decor_points, grunt_nemelex_the_gamble,
          uniq_sigmund, uniq_menkaure
D:7:      layout_basic, overflow_temple_1_default, grunt_qazlal_clouds,
          st_stairs_14
D:8:      layout_cave_pools, lemuel_round_altar,
          lemuel_zombie_altar_kikubaaqudgha, lair_entry_dummy,
          ebering_ghost_rock_garden, nicolae_ashenzari_panopticon
D:9:      minmay_cut_squares, layout_cross, old_standard_altar, minmay_holes
D:10:     layout_roguey, special_room [special_room_orc], eino_curves_03,
          lemuel_altar_in_water, uniq_erolcha, uniq_psyche
D:11:     layout_loops_ring, serial_shops, shop, nrook_mini_backslash,
          uniq_josephine
D:12:     layout_long_grid, orc_0_dummy
D:13:     layout_basic, special_room [special_room_orc], serial_shops,
          nicolae_shop_crystal, shop, shop, shop, shop, minivault_25,
          uniq_rupert
D:14:     layout_loops_ring, skrybe_vaults_entry_preservation,
          lemuel_round_altar, enter_bailey_8
D:15:     grunt_enter_depths_snipers, layout_small_grid, serial_bayou_lagoon_a
Temple:   minmay_temple_curvy_loop
Lair:1:   layout_regular_city, grunt_megastairs_3
Lair:2:   layout_long_grid, palyth_hydra_swamp_entry, grunt_megastairs_5,
          serial_bayou_shore_b
Lair:3:   layout_gridlike, forest_entry_grove
Lair:4:   layout_misc_corridors, minmay_snake_entry_six_corridors
Lair:5:   layout_hall_layers, nicolae_volcano_entry_lava_flow,
          minmay_lindwurm_lava
Lair:6:   minmay_lair_end_enchanted_forest, layout_regular_city,
          nicolae_slime_entry_slimehenge, grunt_forest_stairs_basic
Swamp:1:  layout_falls_marsh, ebering_ghost_xom, evilmike_swamp_ruin_house_3,
          swamp_pool5
Swamp:2:  layout_basic_swamp, evilmike_swamp_ruin_rubble_2
Orc:1:    layout_diamond_mine, gammafunk_ghost_grave, serial_shops, shop,
          uniq_maurice, uniq_snorg, uniq_erica
Orc:2:    st_orc_rangers, layout_caves, serial_shops, shop_fountains, shop,
          guppyfry_orc_lava_fort, uniq_nessos

Skill      XL: |  1  2  3  4  5  6  7  8  9 10 11 12 13 14 15 16 17 |
---------------+----------------------------------------------------+-----
Throwing       | 2 |  2.0
Dodging        | 3 4 6 7 8 9 10 12 13 | 13.4
Fighting       | 3 5 6 8 9 10 11 | 11.6
Long Blades    | 4 5 6 7 9 10 11 12 13 | 13.1
Evocations     | 1 4 6 8 10 | 10.1
Transmutations | 3 6 8 10 12 | 12.5
Stealth        | 4 6 |  6.6
Air Magic      | 4 |  4.8
Earth Magic    | 2 5 6 |  6.1
Hexes          | 3 5 6 |  6.0
Shields        | 3 5 |  5.2

Action                   |  1- 3 |  4- 6 |  7- 9 | 10-12 | 13-15 | 16-18 || total
-------------------------+-------+-------+-------+-------+-------+-------++-------
Melee: Long sword        |    63 |    95 |       |       |       |       ||   158
       Tailslap          |     9 |    17 |    49 |   131 |   194 |   332 ||   732
       Dagger            |       |     7 |   481 |  1054 |  1113 |  1832 ||  4487
       Bite              |       |       |       |       |   157 |   273 ||   430
       Scimitar          |       |       |       |       |       |   103 ||   103
 Cast: Tukima's Dance    |       |       |       |       |       |    36 ||    36
Invok: Curse Item        |       |       |     2 |       |     4 |     1 ||     7
 Abil: Breathe Acid      |       |       |     8 |    35 |    25 |    24 ||    92
Evoke: Wand              |       |     1 |     1 |    18 |     4 |     5 ||    29
       Phial of floods   |       |       |       |     1 |       |       ||     1
       Condenser vane    |       |       |       |       |     1 |       ||     1
  Use: Scroll            |       |       |    13 |    15 |     9 |    10 ||    47
       Potion            |       |       |     3 |     6 |     6 |     6 ||    21
 Stab: Sleeping          |     3 |     2 |     2 |       |    21 |    10 ||    38
       Distracted        |       |       |     1 |       |       |     5 ||     6
       Paralysed         |       |       |       |    16 |     1 |     1 ||    18
       Invisible         |       |       |       |       |     3 |     2 ||     5
       Petrified         |       |       |       |       |       |     9 ||     9
Armor: Skin              |    25 |    45 |   184 |   186 |   185 |   296 ||   921
Dodge: Dodged            |    56 |    68 |   266 |   694 |   992 |  1636 ||  3712
Block: Buckler           |       |       |       |       |    62 |   508 ||   570
       Rpst.: Long sword |    16 |    18 |       |       |       |       ||    34
       Scimitar          |       |       |       |       |       |    21 ||    21

Table legend: (Time is in decaauts)
 A = Elapsed time spent in this place.
 B = Non-inter-level travel time spent in this place.
 C = Inter-level travel time spent in this place.
 D = Time resting spent in this place.
 E = Time spent auto-exploring this place.
 F = Levels seen in this place.
 G = Mean time per level.
                   A        B        C        D        E       F      G
               +--------+--------+--------+--------+--------+-----+--------+
         Total |  30781 |  29753 |   1028 |   9009 |  12915 |  28 | 1099.3 |
       Dungeon |  19026 |  18423 |    603 |   5602 |   8782 |  15 | 1268.4 |
        Temple |    210 |    187 |     23 |      0 |    169 |   1 |  210.0 |
          Lair |   7218 |   6909 |    309 |   1705 |   3005 |   6 | 1203.0 |
         Swamp |    749 |    721 |     28 |    193 |    371 |   2 |  374.5 |
  Orcish Mines |   2898 |   2834 |     64 |   1313 |    588 |   2 | 1449.0 |
        Bailey |    378 |    378 |      0 |    129 |      0 |   1 |  378.0 |
       Volcano |    299 |    299 |      0 |     67 |      0 |   1 |  299.0 |
               +--------+--------+--------+--------+--------+-----+--------+

Top non-repeatable levels by time:
    D:12: 1981 daAuts
     D:4: 1825 daAuts
    D:11: 1813 daAuts
     D:5: 1727 daAuts
  Lair:6: 1690 daAuts
    D:13: 1636 daAuts
    D:14: 1619 daAuts
    D:10: 1517 daAuts
   Orc:1: 1471 daAuts
   Orc:2: 1427 daAuts
  Lair:2: 1370 daAuts
  Lair:1: 1292 daAuts
  Lair:5: 1144 daAuts
     D:9: 1073 daAuts
     D:8: 1060 daAuts
